EL
SPRINGFIELD CARDINALS @ ALTOONA CURVE
08/12/2048
 
TOP OF THE 1ST
Springfield Cardinals batting - Pitching for Altoona Curve : RHP Don Boudreau
Pitching: RHP Don Boudreau
Batting: RHB Joe LaDue 0-0: Ball
1-0: Called Strike
1-1: Ball
2-1: DOUBLE (Flyball, 8LXD, EV 96.9 MPH)
Batting: LHB Travis Ruppel 0-0: Called Strike
0-1: Swinging Strike
0-2: Ball
1-2: Foul Ball, location: 2F
1-2: Ball
2-2: Strikes out looking
Batting: RHB Tyler Walker 0-0: Called Strike
0-1: Called Strike
0-2: 2-RUN HOME RUN (Flyball, 7D, EV 105.6 MPH), Distance : 403 ft
Batting: RHB Andres Mendiola 0-0: Foul Ball, location: 2F
0-1: Ball
1-1: Fly out, F8 (Flyball, 8LD, EV 94.4 MPH)
Batting: RHB Fortunato Fteira 0-0: Ball
1-0: SINGLE (Line Drive, 89S, EV 95.0 MPH)
Batting: RHB Josh Lyon 0-0: Ball
1-0: Fly out, F7 (Line Drive, 7, EV 90.6 MPH)
Top of the 1st over - 2 runs, 3 hits, 0 errors, 1 left on base; Springfield 2 - Altoona 0
BOTTOM OF THE 1ST
Altoona Curve batting - Pitching for Springfield Cardinals : RHP Danny Cook
Pitching: RHP Danny Cook
Batting: LHB Sammy Roddenberry 0-0: Foul Ball, location: 2F
0-1: Bunted foul
0-2: Fly out, F7 (Flyball, 7, EV 92.5 MPH)
Batting: LHB Phil DeCamp 0-0: Swinging Strike
0-1: DOUBLE (Line Drive, 78D, EV 113.1 MPH)
Batting: LHB Nick Rooney 0-0: Swinging Strike
0-1: Swinging Strike
0-2: Ball
1-2: Ball
2-2: Strikes out swinging
Batting: LHB Tomohiro Yokoyama 0-0: Ball
1-0: Ball
2-0: Ground out U3 (Groundball, 34, EV 84.4 MPH)
Bottom of the 1st over - 0 runs, 1 hit, 0 errors, 1 left on base; Springfield 2 - Altoona 0
TOP OF THE 2ND
Springfield Cardinals batting - Pitching for Altoona Curve : RHP Don Boudreau
Batting: RHB Davey Beeson 0-0: Ball
1-0: Ball
2-0: Ball
3-0: Base on Balls
Batting: RHB Immel Kamuzu 0-0: Foul Ball, location: 2F
0-1: Ball
1-1: Foul Ball, location: 2F
1-2: Foul Ball, location: 2F
1-2: Ball
2-2: Ball
3-2: Fielders Choice at 2nd, 3-6 (Groundball, 34, EV 101.9 MPH)
Batting: RHB Austin Akers 0-0: Ball
1-0: Foul Ball, location: 2F
1-1: Foul Ball, location: 2F
1-2: Strikes out swinging
Batting: RHB Joe LaDue 0-0: Foul Ball, location: 2F
0-1: Ball
1-1: Ball
2-1: Ball
3-1: Base on Balls
Immel Kamuzu to second
Batting: LHB Travis Ruppel 0-0: Foul Ball, location: 2F
0-1: Ball
1-1: Foul Ball, location: 2F
1-2: Strikes out swinging
Top of the 2nd over - 0 runs, 0 hits, 0 errors, 2 left on base; Springfield 2 - Altoona 0
BOTTOM OF THE 2ND
Altoona Curve batting - Pitching for Springfield Cardinals : RHP Danny Cook
Batting: LHB Ruben Garza 0-0: Ball
1-0: Ground out 1-3 (Groundball, 13S, EV 68.8 MPH)
Batting: RHB Jose Almonte 0-0: Ball
1-0: Called Strike
1-1: Ball
2-1: Called Strike
2-2: Ground out 5-3 (Groundball, 56S, EV 81.9 MPH)
Batting: RHB Freddy Quintero 0-0: Ground out 6-3 (Groundball, 56, EV 110.6 MPH)
Bottom of the 2nd over - 0 runs, 0 hits, 0 errors, 0 left on base; Springfield 2 - Altoona 0
TOP OF THE 3RD
Springfield Cardinals batting - Pitching for Altoona Curve : RHP Don Boudreau
Batting: RHB Tyler Walker 0-0: Ball
1-0: Ball
2-0: Ball
3-0: Base on Balls
Batting: RHB Andres Mendiola 0-0: Grounds into double play, 3-6-1 (Groundball, 3, EV 86.9 MPH)
Batting: RHB Fortunato Fteira 0-0: SOLO HOME RUN (Flyball, 9D, EV 102.5 MPH), Distance : 400 ft
Batting: RHB Josh Lyon 0-0: Called Strike
0-1: SINGLE (Groundball, 56D, EV 102.5 MPH)
Batting: RHB Davey Beeson 0-0: Called Strike
0-1: Ball
1-1: Called Strike
1-2: Ball
2-2: 2-RUN HOME RUN (Flyball, 78XD, EV 99.4 MPH), Distance : 408 ft
Batting: RHB Immel Kamuzu 0-0: Fly out, F8 (Line Drive, 8LD, EV 91.2 MPH)
Top of the 3rd over - 3 runs, 3 hits, 0 errors, 0 left on base; Springfield 5 - Altoona 0
BOTTOM OF THE 3RD
Altoona Curve batting - Pitching for Springfield Cardinals : RHP Danny Cook
Batting: RHB Keiji Nakajima 0-0: Called Strike
0-1: Foul Ball, location: 2F
0-2: Foul Ball, location: 2F
0-2: Strikes out swinging
Batting: RHB Pleun Smit 0-0: Foul Ball, location: 2F
0-1: Fly out, F8 (Flyball, 89D, EV 97.5 MPH)
Batting: LHB Sammy Roddenberry 0-0: Ball
1-0: Ball
2-0: SINGLE (Flyball, 56D, EV 90.6 MPH)
Batting: LHB Phil DeCamp 0-0: Ball
1-0: Called Strike
1-1: Foul Ball, location: 2F
1-2: Ball
2-2: Foul Ball, location: 2F
2-2: SINGLE (Groundball, 4MD, EV 94.4 MPH)
Sammy Roddenberry to second
Runner from 2nd tries for 3rd, SAFE, throw by CF made to third
Batting: LHB Nick Rooney 0-0: Fly out, F8 (Flyball, 8LM, EV 83.1 MPH)
Bottom of the 3rd over - 0 runs, 2 hits, 0 errors, 2 left on base; Springfield 5 - Altoona 0
TOP OF THE 4TH
Springfield Cardinals batting - Pitching for Altoona Curve : RHP Don Boudreau
Batting: RHB Austin Akers 0-0: Ball
1-0: Ground out 4-3 (Groundball, 34, EV 95.0 MPH)
Batting: RHB Joe LaDue 0-0: Called Strike
0-1: SINGLE (Line Drive, 34, EV 99.4 MPH)
Batting: LHB Travis Ruppel 0-0: Ball
1-0: Ball
Joe LaDue steals 2nd base
2-0: Called Strike
2-1: Foul Ball, location: 2F
2-2: Ball
3-2: Foul Ball, location: 2F
3-2: Fly out, F9 (Line Drive, 9S, EV 96.2 MPH)
Batting: RHB Tyler Walker 0-0: Ball
1-0: Foul Ball, location: 2F
1-1: Foul Ball, location: 2F
1-2: Foul Ball, location: 2F
1-2: Foul Ball, location: 2F
1-2: Ball
2-2: Ground out 6-3 (Groundball, 6, EV 81.2 MPH)
Top of the 4th over - 0 runs, 1 hit, 0 errors, 1 left on base; Springfield 5 - Altoona 0
BOTTOM OF THE 4TH
Altoona Curve batting - Pitching for Springfield Cardinals : RHP Danny Cook
Batting: LHB Tomohiro Yokoyama 0-0: Ball
1-0: Ball
2-0: Ball
3-0: Called Strike
3-1: Ground out 4-3 (Groundball, 4, EV 95.0 MPH)
Batting: LHB Ruben Garza 0-0: Called Strike
0-1: Ball
1-1: Ball
2-1: Foul Ball, location: 2F
2-2: Ball
3-2: Base on Balls
Batting: RHB Jose Almonte 0-0: Called Strike
0-1: Swinging Strike
0-2: Foul Ball, location: 2F
0-2: Fly out, F9 (Flyball, 9S, EV 73.8 MPH)
Batting: RHB Freddy Quintero 0-0: Ball
1-0: Swinging Strike
1-1: Ball
2-1: Called Strike
Ruben Garza is caught stealing 2nd base 2-4
Bottom of the 4th over - 0 runs, 0 hits, 0 errors, 0 left on base; Springfield 5 - Altoona 0
TOP OF THE 5TH
Springfield Cardinals batting - Pitching for Altoona Curve : RHP Don Boudreau
Now at SS: Mike Velazquez
Batting: RHB Andres Mendiola 0-0: Ball
1-0: Ball
2-0: Foul Ball, location: 2F
2-1: Ground out 5-3 (Groundball, 5, EV 91.2 MPH)
Batting: RHB Fortunato Fteira 0-0: Ball
1-0: Called Strike
1-1: Ball
2-1: Swinging Strike
2-2: SOLO HOME RUN (Flyball, 7D, EV 96.2 MPH), Distance : 375 ft
Pitching: LHP Don Quiponch
Batting: RHB Josh Lyon 0-0: Ball
1-0: Called Strike
1-1: Foul Ball, location: 2F
1-2: Ground out 4-3 (Groundball, 4, EV 101.2 MPH)
Batting: RHB Davey Beeson 0-0: Called Strike
0-1: Ball
1-1: Foul Ball, location: 2F
1-2: Foul Ball, location: 2F
1-2: SINGLE (Groundball, 5D, EV 96.9 MPH)
Batting: RHB Immel Kamuzu 0-0: Foul Ball, location: 2F
0-1: Ball
1-1: Ball
2-1: Swinging Strike
2-2: Fly out, F7 (Flyball, 7LSF, EV 69.4 MPH)
Top of the 5th over - 1 run, 2 hits, 0 errors, 1 left on base; Springfield 6 - Altoona 0
BOTTOM OF THE 5TH
Altoona Curve batting - Pitching for Springfield Cardinals : RHP Danny Cook
Batting: RHB Freddy Quintero 0-0: Called Strike
0-1: Foul Ball, location: 2F
0-2: Fly out, F7 (Flyball, 78S, EV 96.9 MPH)
Batting: RHB Keiji Nakajima 0-0: Called Strike
0-1: Swinging Strike
0-2: Ball
1-2: Strikes out swinging
Batting: RHB Mike Velazquez 0-0: Ball
1-0: Ball
2-0: Called Strike
2-1: Called Strike
2-2: Foul Ball, location: 2F
2-2: Ball
3-2: Strikes out swinging
Bottom of the 5th over - 0 runs, 0 hits, 0 errors, 0 left on base; Springfield 6 - Altoona 0
TOP OF THE 6TH
Springfield Cardinals batting - Pitching for Altoona Curve : LHP Don Quiponch
Batting: RHB Austin Akers 0-0: Swinging Strike
0-1: Called Strike
0-2: Foul Ball, location: 2F
0-2: Ball
1-2: Strikes out swinging
Batting: RHB Joe LaDue 0-0: Swinging Strike
0-1: Ball
1-1: Called Strike
1-2: Fly out, F9 (Line Drive, 9, EV 95.6 MPH)
Batting: LHB Travis Ruppel 0-0: Ball
1-0: Called Strike
1-1: Ball
2-1: SINGLE (Groundball, 6D, EV 108.8 MPH)
Batting: RHB Tyler Walker 0-0: Foul Ball, location: 2F
0-1: Foul Ball, location: 2F
0-2: Ball
1-2: SINGLE (Groundball, 6MS, EV 74.4 MPH) (infield hit)
Travis Ruppel to second
Batting: RHB Andres Mendiola 0-0: Ball
1-0: Foul Ball, location: 2F
1-1: Foul Ball, location: 2F
1-2: Foul Ball, location: 2F
1-2: Ball
2-2: Ground out U3 (Groundball, 3, EV 84.4 MPH)
Top of the 6th over - 0 runs, 2 hits, 0 errors, 2 left on base; Springfield 6 - Altoona 0
BOTTOM OF THE 6TH
Altoona Curve batting - Pitching for Springfield Cardinals : RHP Danny Cook
Batting: LHB Sammy Roddenberry 0-0: Ball
1-0: Foul Ball, location: 2F
1-1: SINGLE (Line Drive, 9S, EV 98.8 MPH)
Batting: LHB Phil DeCamp 0-0: Foul Ball, location: 2F
0-1: Foul Ball, location: 2F
0-2: Ball
1-2: Fly out, F8 (Flyball, 8LD, EV 98.1 MPH)
Batting: LHB Nick Rooney 0-0: Called Strike
Sammy Roddenberry steals 2nd base
0-1: Called Strike
0-2: Ball
1-2: Strikes out swinging
Batting: LHB Tomohiro Yokoyama 0-0: Ball
1-0: 2-RUN HOME RUN (Line Drive, 7LD, EV 95.6 MPH), Distance : 341 ft
Batting: LHB Ruben Garza 0-0: Called Strike
0-1: Ball
1-1: Foul Ball, location: 2F
1-2: Ground out 5-3 (Groundball, 6, EV 94.4 MPH)
Bottom of the 6th over - 2 runs, 2 hits, 0 errors, 0 left on base; Springfield 6 - Altoona 2
TOP OF THE 7TH
Springfield Cardinals batting - Pitching for Altoona Curve : LHP Don Quiponch
Pitching: LHP Martin Garcia
Batting: RHB Fortunato Fteira 0-0: Swinging Strike
0-1: Swinging Strike
0-2: Strikes out swinging
Batting: RHB Josh Lyon 0-0: Ball
1-0: Ball
2-0: Foul Ball, location: 2F
2-1: Ball
3-1: Base on Balls
Batting: RHB Davey Beeson 0-0: Called Strike
0-1: Ball
1-1: Ball
2-1: Fielders Choice at 2nd, 4-6 (Groundball, 4, EV 90.0 MPH)
Batting: RHB Immel Kamuzu 0-0: Called Strike
0-1: Swinging Strike
0-2: Strikes out swinging
Top of the 7th over - 0 runs, 0 hits, 0 errors, 1 left on base; Springfield 6 - Altoona 2
BOTTOM OF THE 7TH
Altoona Curve batting - Pitching for Springfield Cardinals : RHP Danny Cook
Now in LF: Austin Akers
Now in CF: Fortunato Fteira
Now in RF: Jose Jimenez
Batting: RHB Jose Almonte 0-0: Called Strike
0-1: Ball
1-1: Swinging Strike
1-2: Fly out, F3 (Line Drive, 3L, EV 66.2 MPH)
Pitching: RHP Kevon Jamison
Batting: RHB Freddy Quintero 0-0: Ball
1-0: Ball
2-0: SINGLE (Groundball, 34D, EV 108.8 MPH)
Batting: RHB Keiji Nakajima 0-0: Called Strike
0-1: Foul Ball, location: 2F
0-2: Ball
1-2: Foul Ball, location: 2F
1-2: Ball
2-2: Foul Ball, location: 2F
2-2: Foul Ball, location: 2F
2-2: Strikes out swinging
Batting: RHB Mike Velazquez 0-0: Called Strike
0-1: SINGLE (Line Drive, 6MD, EV 95.6 MPH)
Freddy Quintero to second
Batting: LHB Sammy Roddenberry 0-0: Foul Ball, location: 2F
0-1: SINGLE (Line Drive, 89M, EV 105.6 MPH)
Freddy Quintero to third
Mike Velazquez to second
Batting: LHB Phil DeCamp 0-0: Ball
1-0: Ball
2-0: Called Strike
2-1: Ball
3-1: Fly out, F7 (Flyball, 7LS, EV 98.8 MPH)
Bottom of the 7th over - 0 runs, 3 hits, 0 errors, 3 left on base; Springfield 6 - Altoona 2
TOP OF THE 8TH
Springfield Cardinals batting - Pitching for Altoona Curve : LHP Martin Garcia
Batting: RHB Austin Akers 0-0: Ball
1-0: Ground out 4-3 (Groundball, 34, EV 92.5 MPH)
Batting: RHB Joe LaDue 0-0: Ball
1-0: Foul Ball, location: 2F
1-1: Ball
2-1: Called Strike
2-2: Ground out 4-3 (Groundball, 4S, EV 80.0 MPH)
Batting: RHB Jose Jimenez 0-0: Ball
1-0: Ground out 4-3 (Groundball, 4, EV 89.4 MPH)
Top of the 8th over - 0 runs, 0 hits, 0 errors, 0 left on base; Springfield 6 - Altoona 2
BOTTOM OF THE 8TH
Altoona Curve batting - Pitching for Springfield Cardinals : RHP Kevon Jamison
Pitching: LHP Nick Suggett
Batting: LHB Nick Rooney 0-0: Ball
1-0: Ground out 4-3 (Groundball, 4S, EV 65.6 MPH)
Batting: LHB Tomohiro Yokoyama 0-0: Ball
1-0: Ball
2-0: SINGLE (Line Drive, 6D, EV 94.4 MPH)
Batting: LHB Ruben Garza 0-0: Foul Ball, location: 2F
0-1: Swinging Strike
0-2: Ball
1-2: Ball
2-2: Strikes out looking
Batting: RHB Jose Almonte 0-0: Foul Ball, location: 2F
0-1: Ball
1-1: Ball
2-1: Swinging Strike
2-2: Fielders Choice at 2nd, 5-4 (Groundball, 5D, EV 86.2 MPH)
Bottom of the 8th over - 0 runs, 1 hit, 0 errors, 1 left on base; Springfield 6 - Altoona 2
TOP OF THE 9TH
Springfield Cardinals batting - Pitching for Altoona Curve : LHP Martin Garcia
Batting: RHB Tyler Walker 0-0: Called Strike
0-1: Swinging Strike
0-2: Foul Ball, location: 2F
0-2: Strikes out looking
Batting: RHB Andres Mendiola 0-0: Foul Ball, location: 2F
0-1: Ground out 4-3 (Groundball, 4, EV 103.1 MPH)
Batting: RHB Fortunato Fteira 0-0: Called Strike
0-1: Swinging Strike
0-2: Ball
1-2: Strikes out swinging
Top of the 9th over - 0 runs, 0 hits, 0 errors, 0 left on base; Springfield 6 - Altoona 2
BOTTOM OF THE 9TH
Altoona Curve batting - Pitching for Springfield Cardinals : LHP Nick Suggett
Batting: RHB Freddy Quintero 0-0: Called Strike
0-1: Foul Ball, location: 2F
0-2: Ball
1-2: DOUBLE (Line Drive, 89XD, EV 108.8 MPH)
Batting: RHB Keiji Nakajima 0-0: Called Strike
0-1: Ground out 6-3 (Groundball, 6, EV 93.1 MPH)
Batting: RHB Mike Velazquez 0-0: Ground out 5-3 (Groundball, 5, EV 83.1 MPH)
Batting: LHB Sammy Roddenberry 0-0: Swinging Strike
0-1: Ball
1-1: Fly out, F4 (Popup, 34S, EV 80.6 MPH)
Bottom of the 9th over - 0 runs, 1 hit, 0 errors, 1 left on base; Springfield 6 - Altoona 2
Tuesday, March 28th , 2023 - OOTP Baseball 23.10 Build 110